 Dungeon Crawl Stone Soup version 0.24.1-8-ga250c9d538 (webtiles) character file.

Game seed: 17809580484089572620, levelgen mode: deterministic

6781 H0rd4k the Thaumaturge (level 10, -5/50 HPs)
             Began as a Deep Elf Wizard on May 8, 2020.
             Was an Initiate of Gozag.
             Slain by Snorg (12 damage)
             ... on level 11 of the Dungeon.
             The game lasted 00:34:12 (13288 turns).

H0rd4k the Thaumaturge (Deep Elf Wizard)           Turns: 13288, Time: 00:34:13

Health: -5/50      AC:  5    Str:  4    XL:     10   Next: 76%
Magic:  0/30       EV:  9    Int: 32    God:    Gozag
Gold:   670        SH:  0    Dex: 13    Spells: 29/38 levels left

rFire    . . .     SeeInvis .   C - +4 scimitar
rCold    . . .     Gourm    .   (no shield)
rNeg     . . .     Faith    .   G - +0 ring mail of the Lair of Beasts {+Blink rElec rPois}
rPois    +         Spirit   +   b - +0 hat
rElec    +         Reflect  .   (no cloak)
rCorr    .         Harm     .   (no gloves)
MR       +....                  (no boots)
Stlth    ++........             J - amulet of guardian spirit
HPRegen  0.16/turn              (no ring)
MPRegen  0.22/turn              e - +5 ring of intelligence

@: gold aura, studying Earth Magic
A: no striking features
a: Potion Petition, Call Merchant, Bribe Branch, Renounce Religion, Evoke Blink


You were on level 11 of the Dungeon.
You worshipped Gozag.
Gozag was pleased with you.
You were not hungry.

You visited 2 branches of the dungeon, and saw 12 of its levels.

You collected 958 gold pieces.
You spent 177 gold pieces at shops.
You paid 111 gold pieces to Gozag.

Inventory:

Hand Weapons
 C - a +4 scimitar (weapon)
Missiles
 r - 34 poisoned darts (quivered)
Armour
 a - a +0 robe
 b - a +0 hat (worn)
 E - a +1 robe of magic resistance
 G - the +0 ring mail of the Lair of Beasts (worn) {+Blink rElec rPois}
   (You found it on level 8 of the Dungeon)

   It insulates you from electricity.
   It protects you from poison.
   It lets you blink.
Jewellery
 e - a +5 ring of intelligence (right hand)
 h - a +3 ring of dexterity
 D - an uncursed ring of flight
 J - an amulet of guardian spirit (around neck)
Wands
 z - a wand of digging (11)
 B - a wand of polymorph (4)
 H - a wand of iceblast (6)
 L - a wand of enslavement (3)
 M - a wand of flame (8)
Scrolls
 i - 2 scrolls of enchant weapon {unknown}
 j - 2 scrolls of blinking {unknown}
 k - 2 scrolls of fog {unknown}
 l - a scroll of summoning {unknown}
 m - 8 scrolls of enchant armour {unknown}
 o - 4 scrolls of teleportation
 p - 2 scrolls of immolation {unknown}
 q - a scroll of magic mapping {unknown}
 u - 4 scrolls of remove curse
 v - a scroll of amnesia {unknown}
 w - 2 scrolls of noise {unknown}
 F - 2 scrolls of brand weapon {unknown}
 K - a scroll of random uselessness {unknown}
Potions
 c - a potion of cancellation
 f - 3 potions of might
 g - a potion of haste
 n - 3 potions of brilliance
 s - a potion of degeneration
 t - a potion of mutation
 x - 4 potions of lignification
 A - 5 potions of flight
 I - a potion of heal wounds {unknown}
Books
 y - a manual of Earth Magic
Comestibles
 d - 15 rations


   Skills:
 + Level 4.0 Dodging
 + Level 5.0 Stealth
 + Level 14.7 Spellcasting
 + Level 10.5 Conjurations
   Level 1.1 Summonings
 + Level 2.3 Translocations
 + Level 2.9 Fire Magic
 + Level 2.0 Air Magic
 + Level 3.3 Poison Magic
 + Level 0.2 Evocations


You had 29 spell levels left.
You knew the following spells:

 Your Spells              Type           Power        Failure   Level  Hunger
a - Magic Dart            Conj           ####         1%          1    None
b - Blink                 Tloc           N/A          7%          2    None
c - Conjure Flame         Conj/Fire      ######..     2%          3    None
d - Mephitic Cloud        Conj/Pois/Air  ######..     4%          3    None

Your spell library contained the following spells:

 Spells                   Type           Power        Failure   Level  Hunger
 Call Imp                 Summ           ####....     11%         2    None
 Slow                     Hex            ###.....     17%         2    None


Dungeon Overview and Level Annotations

Branches:
Dungeon (11/15)            Temple (1/1) D:7            Lair (0/6) D:9
    Orc (0/2) D:10

Altars:
Ashenzari
Cheibriados
Dithmenos
Elyvilon
Fedhas
Gozag
Hepliaklqana
Kikubaaqudgha
Makhleb
Nemelex Xobeh
Okawaru
Qazlal
Ru
Sif Muna
Trog
Uskayaw
Vehumet
Wu Jian
Xom
Yredelemnul
Zin
The Shining One

Shops:
D:7 *   D:10 =

Annotations:
D:3 exclusion: 2 downstairs
D:5 exclusion: downstairs
D:6 exclusion: 2 downstairs
D:9 exclusions: 2 downstairs and wyvern
D:10 2 transporters, exclusion: 2 downstairs, Voldus's ghost, journeyman MiHu
D:11 Snorg


Message History

Snorg is engulfed in blazing flames.
Unknown command.
Casting: Blink (safe; 7% risk of failure)
Confirm with . or Enter, or press ? or * to list all spells.
Aiming: Conjure Flame (safe; 2% risk of failure)
Press: ? - help, Dir - move target cursor, p - Snorg The fire ignites!
The centaur wields a +0 shortbow.
The centaur shoots an arrow.
The arrow hits you.
Snorg is engulfed in blazing flames.
The centaur shoots an arrow.
The arrow hits you.
Snorg is engulfed in blazing flames.
Snorg bites you. Snorg claws you but does no damage. Snorg misses you.
The centaur shoots an arrow.
The arrow barely misses you.
You see here an arrow.
Snorg is engulfed in blazing flames.
Snorg bites you!!
Ouch! That really hurt!
* * * LOW HITPOINT WARNING * * *
Snorg claws you but does no damage. Snorg claws you!
You die...
Your body crumbles into a pile of gold.

#.t.# #.J.# #..t#
####...##########
..................
..................
##...######..######
.....######........
.....§§.○T@(.......
##########.)#######
#..# #.c#
#..########
######..........
................
...........####
#########..#


You could see Snorg (berserk) and a centaur.

Vanquished Creatures
  Pikel (D:8)
  An ugly thing (D:10)
  Joseph (D:7)
  A hippogriff (D:9)
  7 yaks (D:9)
  Eustachio (D:6)
  A basilisk (D:9)
  2 hungry ghosts
  A water moccasin (D:9)
  4 orc warriors
  A slave (D:8)
  2 necrophages
  A black bear (D:6)
  3 phantoms
  6 ogres
  4 centaurs
  2 crocodiles
  2 big kobolds
  2 bullfrogs (D:6)
  2 scorpions
  5 wights (D:7)
  3 howler monkeys
  A crimson imp (D:5)
  A bullfrog zombie (D:7)
  4 hounds
  8 orc wizards
  5 orc priests
  2 centaur skeletons
  2 jellies
  A bullfrog skeleton (D:6)
  2 iguanas
  4 worker ants
  A killer bee zombie (D:8)
  12 adders
  2 howler monkey skeletons
  2 shadow imps
  2 oozes
  An adder zombie (D:6)
  4 worms
  2 dart slugs
  6 leopard geckos
  35 orcs
  9 bats
  2 giant cockroaches
  6 goblins
  5 hobgoblins
  10 kobolds
  5 quokkas
  6 frilled lizards
  3 leopard gecko skeletons
  A quokka skeleton (D:7)
  A quokka zombie (D:6)
  7 rats
205 creatures vanquished.

Vanquished Creatures (others)
  3 orcs (D:8)
3 creatures vanquished.

Grand Total: 208 creatures vanquished

Notes
Turn   | Place    | Note
-------+----------+-------------------------------------------
     0 | D:1      | H0rd4k the Deep Elf Wizard began the quest for the Orb.
     0 | D:1      | Reached XP level 1. HP: 10/10 MP: 7/7
    66 | D:1      | Reached skill level 5 in Spellcasting
   162 | D:1      | Reached XP level 2. HP: 15/15 MP: 8/10
   895 | D:2      | Reached XP level 3. HP: 16/19 MP: 0/12
   976 | D:2      | Learned a level 2 spell: Blink
   980 | D:2      | Learned a level 3 spell: Conjure Flame
   984 | D:2      | Learned a level 3 spell: Mephitic Cloud
  1370 | D:2      | Reached skill level 6 in Spellcasting
  1391 | D:2      | Reached XP level 4. HP: 17/24 MP: 6/14
  2305 | D:3      | Found a faded altar of an unknown god.
  2624 | D:4      | Reached XP level 5. HP: 12/28 MP: 6/16
  2625 | D:4      | Reached skill level 7 in Spellcasting
  2628 | D:4      | HP: 1/28 [orc priest/nerve-wracking pain (11)]
  2941 | D:4      | Noticed an ogre
  2957 | D:4      | Killed an ogre
  3138 | D:4      | Noticed a phantom
  3628 | D:4      | Reached XP level 6. HP: 32/32 MP: 9/18
  3864 | D:4      | Reached skill level 8 in Spellcasting
  3864 | D:4      | Reached skill level 1 in Fire Magic
  4190 | D:5      | Entered Level 5 of the Dungeon
  4238 | D:5      | Reached XP level 7. HP: 30/36 MP: 12/20
  4434 | D:5      | Reached skill level 9 in Spellcasting
  4434 | D:5      | Reached skill level 5 in Conjurations
  5128 | D:6      | Reached XP level 8. HP: 40/41 MP: 6/23
  5215 | D:6      | Reached skill level 1 in Air Magic
  5215 | D:6      | Reached skill level 1 in Poison Magic
  5372 | D:6      | Reached skill level 10 in Spellcasting
  5821 | D:6      | Noticed Eustachio
  6422 | D:6      | Killed Eustachio
  6599 | D:7      | Noticed Joseph
  6693 | D:7      | Killed Joseph
  6693 | D:7      | Reached skill level 11 in Spellcasting
  6879 | D:7      | Reached XP level 9. HP: 45/45 MP: 13/26
  7783 | D:7      | Found a staircase to the Ecumenical Temple.
  7824 | D:7      | Found an iron altar of Okawaru.
  7830 | D:7      | Found a white marble altar of Elyvilon.
  7835 | D:7      | Found a shadowy altar of Dithmenos.
  8011 | D:7      | Found Ychefot's Assorted Antiques.
  8626 | D:7      | Reached skill level 12 in Spellcasting
  9032 | Temple   | Entered the Ecumenical Temple
  9041 | Temple   | Became a worshipper of Gozag Ym Sagoz the Greedy
  9108 | D:7      | Bought a scroll labeled WOXAZU AXZIPT for 27 gold pieces
  9108 | D:7      | Bought an embroidered robe for 99 gold pieces
  9108 | D:7      | Bought a clear potion for 24 gold pieces
  9108 | D:7      | Bought a scroll labeled BEAD YC VENAA for 27 gold pieces
  9169 | D:8      | Noticed Pikel
  9180 | D:8      | Killed Pikel
  9659 | D:8      | Found an ornate altar of the Wu Jian Council.
  9726 | D:8      | Reached skill level 13 in Spellcasting
 10186 | D:9      | Reached XP level 10. HP: 50/50 MP: 14/29
 10614 | D:9      | Found a staircase to the Lair.
 10662 | D:9      | Reached skill level 14 in Spellcasting
 10889 | D:9      | Reached skill level 5 in Stealth
 11051 | D:8      | Got an ichor-stained ring mail
 11062 | D:8      | Identified the cursed +0 ring mail of the Lair of Beasts
                  | {+Blink rElec rPois} (You found it on level 8 of the
                  | Dungeon)
 11126 | D:10     | Entered Level 10 of the Dungeon
 11191 | D:10     | Reached skill level 10 in Conjurations
 11467 | D:10     | Found a staircase to the Orcish Mines.
 11728 | D:10     | Found a transporter.
 11731 | D:10     | Noticed a two-headed ogre
 11739 | D:10     | Noticed a moth of wrath
 11743 | D:10     | Found a bloodstained altar of Trog.
 11743 | D:10     | Identified the cursed +1 mace of Lies {antimagic, SInv}
 11743 | D:10     | Noticed a tengu warrior
 11744 | D:10     | Noticed Voldus's ghost (journeyman MiHu)
 11753 | D:10     | Noticed a green ugly thing
 11760 | D:10     | Killed a green ugly thing
 12122 | D:10     | Found Sasav's Jewellery Shop.
 12122 | D:10     | Found a transporter.
 13275 | D:11     | Noticed Snorg
 13288 | D:11     | Slain by Snorg

Levels and vault maps discovered:
D:1:      matt_arrival_los_fun, layout_loops_corners
D:2:      layout_basic, serial_forest, infiniplex_forest_clump_long,
          infiniplex_forest_lined_3_way, infiniplex_forest_lined_room_,
          infiniplex_forest_clump_medium, infiniplex_forest_end_3,
          infiniplex_forest_end_2, infiniplex_forest_end_1,
          infiniplex_forest_lined_3
D:3:      layout_loops_ring, chequers_ecumenical_altar_simple
D:4:      layout_loops_ring, first_ration, minmay_misc_feat_rugged
D:5:      layout_basic
D:6:      layout_basic, minmay_manual_mess, uniq_eustachio
D:7:      layout_basic, minmay_overflow_temple_star_quad,
          minmay_temple_entry_tees, serial_shops,
          nicolae_shop_overgrown_old_shop, uniq_joseph
D:8:      layout_loops_cross, kennysheep_mini, serial_glass, glass_columns_a,
          glass_columns_b, uniq_pikel
D:9:      layout_cave_pods, david_lair_generic
D:10:     layout_layer_cave, david_orc_3, gammafunk_ghost_wrathful_warriors,
          serial_shops, shop, blue_anna_alchemist [blue_anna_fruit_fields,
          blue_anna_fruit_fields]
D:11:     layout_long_grid, uniq_snorg
Temple:   nicolae_temple_no_exploring_needed

Skill      XL: |  1  2  3  4  5  6  7  8  9 10 |
---------------+-------------------------------+-----
Spellcasting   | 5 6 7 8 9 11 13 14 | 14.7
Conjurations   | 2 3 4 5 7 9 10 | 10.5
Stealth        | 3 4 5 |  5.0
Dodging        | 3 4 |  4.0
Fire Magic     | 1 2 |  2.9
Air Magic      | 1 2 |  2.0
Poison Magic   | 2 3 |  3.3
Translocations | 2 |  2.3
Summonings     | |  1.1
Evocations     | |  0.2

Action                   |  1- 3 |  4- 6 |  7- 9 | 10-12 || total
-------------------------+-------+-------+-------+-------++-------
Melee: Unarmed           |     3 |       |     2 |       ||     5
       Scimitar          |       |       |       |     1 ||     1
 Cast: Magic Dart        |    81 |   135 |   423 |   170 ||   809
       Conjure Flame     |     1 |     9 |    40 |    18 ||    68
       Blink             |       |     5 |     6 |     6 ||    17
       Mephitic Cloud    |       |     7 |    22 |     9 ||    38
Evoke: Wand              |       |       |       |     3 ||     3
  Use: Scroll            |       |       |     7 |     6 ||    13
       Potion            |       |       |     3 |     1 ||     4
  Eat: Chunk             |     1 |     8 |    12 |       ||    21
       Ration            |       |       |     2 |     3 ||     5
Armor: Robe              |    11 |     2 |    11 |       ||    24
       Ring mail         |       |       |       |    13 ||    13
Dodge: Dodged            |    17 |    16 |    68 |    28 ||   129
       Rpst.: Scimitar   |       |       |       |     4 ||     4
